 Dungeon Crawl Stone Soup version 0.27.1-34-g3ba077fa99 (webtiles) character file.

Game seed: 4264522585899234641

4 zap2161 the Magician (level 1, 0/11 HPs)
             Began as a Kobold Hedge Wizard on Jan 4, 2022.
             Slain by a bat (1 damage)
             ... on level 1 of the Dungeon.
             The game lasted 00:11:54 (109 turns).

zap2161 the Magician (Kobold Hedge Wizard)           Turns: 109, Time: 00:11:56

Health: 0/11       AC:  2    Str:  7    XL:     1   Next: 77%
Magic:  0/4        EV: 15    Int: 15    God:
Gold:   0          SH:  0    Dex: 14    Spells: 5/6 levels left

rFire    . . .     SeeInvis .   a - +0 dagger
rCold    . . .     Faith    .   (shield restricted)
rNeg     . . .     Spirit   .   b - +0 robe
rPois    .         Reflect  .   c - +0 hat
rElec    .         Harm     .   (no cloak)
rCorr    .         Rampage  .   (no gloves)
Will     .....                  (no boots)
Stlth    +++.......             (no amulet)
HPRegen  0.03/turn              (no ring)
MPRegen  0.09/turn              (no ring)

@: very slightly contaminated
A: small, no large weapons, nightstalker 3
a: no special abilities


You were on level 1 of the Dungeon.
You visited 1 branch of the dungeon, and saw 1 of its levels.

Inventory:

Hand Weapons
 a - a +0 dagger (weapon)
 f - a +0 club
Missiles
 d - 31 arrows
Armour
 b - a +0 robe (worn)
 c - a +0 hat (worn)
Potions
 e - a potion of haste {unknown}


   Skills:
 + Level 0.4 Fighting
 + Level 2.6 Dodging
 + Level 2.8 Stealth
 + Level 3.3 Spellcasting
 + Level 1.0 Conjurations
 + Level 1.0 Summonings
 + Level 1.0 Translocations


You had 5 spell levels left.
You knew the following spells:

 Your Spells              Type           Power      Damage    Failure   Level
a - Magic Dart            Conj           20%        1d4       13%         1

Your spell library contained the following spells:

 Spells                   Type           Power      Damage    Failure   Level
 Blink                    Tloc           N/A        N/A       19%         2
 Call Imp                 Summ           5%         N/A       19%         2
 Slow                     Hex            2%         N/A       28%         2
 Conjure Flame            Conj/Fire      4%         6-21      43%         3
 Mephitic Cloud           Conj/Pois/Air  3%         N/A       45%         3


Dungeon Overview and Level Annotations

Branches:
Dungeon (1/15)

Altars:


Innate Abilities, Weirdness & Mutations

You are small and have problems with some larger weapons.
You are completely attuned to the shadows.


Message History

You closely miss the bat. The bat barely misses you. The bat hits you.
* * * LOW HITPOINT WARNING * * *
Hit: a) +0 dagger
Press: ? - help, Dir - move target, f/p - bat
Aim: a bat (about 50% to evade your +0 dagger)
You hit the bat.
The bat is moderately wounded.
The bat misses you. The bat barely misses you.
Hit: a) +0 dagger
Press: ? - help, Dir - move target, f/p - bat
Aim: a bat (moderately wounded, about 50% to evade your +0 dagger)
You barely miss the bat.
The bat is moderately wounded.
The bat barely misses you. The bat misses you.
Aiming: Magic Dart (safe; 13% risk of failure)
Press: ? - help, Q - select action Shift-Dir - straight line, f/p - bat
Aim: a bat (moderately wounded, 100% to hit)
You miscast Magic Dart.
You are very lightly contaminated with residual magic.
Nothing appears to happen.
The bat hits you but does no damage.
Hit: a) +0 dagger
Press: ? - help, Dir - move target, f/p - bat
Aim: a bat (moderately wounded, about 50% to evade your +0 dagger)
You closely miss the bat.
The bat is moderately wounded.
The bat barely misses you.
Hit: a) +0 dagger
Press: ? - help, Dir - move target, f/p - bat
Aim: a bat (moderately wounded, about 50% to evade your +0 dagger)
You closely miss the bat.
The bat is moderately wounded.
The bat barely misses you. The bat hits you but does no damage.
Hit: a) +0 dagger
Press: ? - help, Dir - move target, f/p - bat
Aim: a bat (moderately wounded, about 50% to evade your +0 dagger)
You miss the bat.
The bat is moderately wounded.
The bat barely misses you. The bat hits you.
You die...

.. #. #.### #..
#.#.## #...
###....####....
.......@b.†....
####...####....
#..## #... #.##
#.. #.# #. #.#
#.# #.# #.#


You could see a bat.

Vanquished Creatures
  A goblin (D:1)
  2 jackals (D:1)
  A frilled lizard (D:1)
4 creatures vanquished.

Notes
Turn   | Place    | Note
-------+----------+-------------------------------------------
     0 | D:1      | zap2161 the Kobold Hedge Wizard began the quest for the
                  | Orb.
     0 | D:1      | Reached XP level 1. HP: 10/10 MP: 4/4
   109 | D:1      | Slain by a bat

Illustrated notes

Levels and vault maps discovered:
D:1:      ldierk_walled_garden, layout_loops_corners,
          shapermc_ecumenical_altar_mp_vishouse, serial_shops, shop

Action                   || total
-------------------------++-------
Melee: Dagger            ||    34
 Cast: Magic Dart        ||     4
Armor: Robe              ||    11
Dodge: Dodged            ||    39
